 Dungeon Crawl Stone Soup version 0.28.0-43-g3370ac3207 (webtiles) character file.

Game seed: 13113159469083494244

28 terff the Sneak (level 3, 0/24 HPs)
             Began as an Octopode Brigand on Mar 20, 2022.
             Splashed by a jelly's acid (5 damage)
             ... on level 4 of the Dungeon.
             The game lasted 00:01:45 (394 turns).

terff the Sneak (Octopode Brigand)                   Turns: 394, Time: 00:01:46

Health: 0/24       AC: -3    Str: 10    XL:     3   Next: 14%
Magic:  3/3        EV: 12    Int: 13    God:
Gold:   37         SH:  0    Dex: 15    Spells: 2/2 levels left

rFire   . . .      SeeInvis .   a - +2 dagger
rCold   . . .      Faith    .   (no shield)
rNeg    . . .      Spirit   .   (helmet restricted)
rPois   .          Reflect  .   (no amulet)
rElec   .          Harm     .   (no ring)
rCorr   .          Rampage  .   (no ring)
Will    .....                   (no ring)
Stlth   ++++......              (no ring)
HPRegen 0.08/turn               (no ring)
MPRegen 0.08/turn               (no ring)
                                (no ring)
                                (no ring)

@: corroded
A: almost no armour, amphibious, 8 rings, camouflage 1, gelatinous body 1,
(nimble swimmer 1), tentacles
a: no special abilities


You were on level 4 of the Dungeon.
You visited 1 branch of the dungeon, and saw 4 of its levels.

You collected 37 gold pieces.

Inventory:

Hand Weapons
 a - a +2 dagger (weapon)
Missiles
 b - 8 poisoned darts (quivered)
 c - 2 curare-tipped darts
Scrolls
 f - a scroll of holy word {unknown}
 g - a scroll of enchant weapon {unknown}
 h - a scroll of identify {unknown}
Potions
 d - a potion of curing {unknown}
 e - a potion of attraction {unknown}


   Skills:
 + Level 2.2 Fighting
 + Level 2.2 Short Blades
 + Level 2.2 Throwing
 + Level 1.0 Dodging
 + Level 6.2 Stealth


You had 2 spell levels left.
You didn't know any spells.
Your spell library was empty.

Dungeon Overview and Level Annotations

Branches:
Dungeon (4/15)
 Temple: D:4-7

Altars:


Innate Abilities, Weirdness & Mutations

You cannot wear most types of armour.
You are amphibious.
You can wear up to eight rings at the same time.
Your skin changes colour to match your surroundings (Stealth+).
Your rubbery body absorbs attacks. (AC +1, EV +1)
((You are camouflaged when in or above water. (Stealth+)))
You have tentacles for arms and can constrict up to eight enemies at once.


Message History

You kill the bat!
A goblin comes into view. It is wielding a +0 club.
The goblin shouts!
There is a stone staircase leading down here.
You climb downwards.
There is a stone staircase leading up here.
Found a stone staircase leading down.
There is a stone staircase leading down here.
You climb downwards.
You hear the sound of rushing water.
There is an entrance to a sewer on this level.
Hurry and find it before the portal rusts away!
Found a stone staircase leading down.
There is a stone staircase leading up here.
The adder skeleton bites you.
You hit the adder skeleton. You grab the adder skeleton.
You squeeze the adder skeleton.
The adder skeleton is moderately damaged.
You constrict the adder skeleton.
The adder skeleton bites you but does no damage.
You hit the adder skeleton.
The adder skeleton is heavily damaged.
You constrict the adder skeleton. The adder skeleton barely misses you.
You barely miss the adder skeleton.
The adder skeleton is severely damaged.
You constrict the adder skeleton. The adder skeleton bites you.
You hit the adder skeleton.
You destroy the adder skeleton!
A jelly comes into view.
A kobold comes into view. It is wielding a +0 short sword.
An adder skeleton comes into view.
The jelly quivers.
You hit the jelly. The acid corrodes you!
Your tentacles burn!
The jelly is lightly wounded.
The kobold shouts!
An adder comes into view.
The jelly hits you.
You are splashed with acid!
* * * LOW HITPOINT WARNING * * *
The adder hisses angrily.
You hit the jelly but do no damage.
Your tentacles burn!
You die...

.# .. .. #.# # #. #.#
.# ⌠#####. #.# #.##
..... #### #.###....
#..###..# #>#......
#.J@....####.#.#....
#....##.##.......#
.....##.##.##...<...#
S.K...
#.##.##.......# ....#
#.....#.......# ....
#...#.........# ...
#......###.......# Z.
####...# #########
####


You could see a jelly, an adder, a kobold and an adder skeleton.

Vanquished Creatures
  An adder (D:2)
  An adder skeleton (D:4)
  A dart slug (D:2)
  A ball python (D:2)
  5 bats (D:2)
  An endoplasm (D:2)
  2 hobgoblins (D:2)
  2 frilled lizards (D:2)
  A kobold (D:2)
15 creatures vanquished.

Notes
Turn   | Place    | Note
-------+----------+-------------------------------------------
     0 | D:1      | terff the Octopode Brigand began the quest for the Orb.
     0 | D:1      | Reached XP level 1. HP: 14/14 MP: 1/1
    55 | D:2      | Reached XP level 2. HP: 13/19 MP: 2/2
   226 | D:2      | Reached skill level 6 in Stealth
   291 | D:2      | Reached XP level 3. HP: 14/24 MP: 3/3
   394 | D:4      | Splashed by a jelly's acid

Illustrated notes

Levels and vault maps discovered:
D:1:      roderic_octagonal_star, layout_loops_corners, minmay_indecisive_spiral
D:2:      layout_rooms, basic_altar, chequers_ecumenical_altar_simple_redux
D:3:      layout_loops_cross, minmay_misc_feat_more_columns, uniq_robin
D:4:      layout_rooms, temple_doors_ab, gup_sewer_entry_spiral,
          corexii_leaking_fountain

Skill      XL: |  1  2 |
---------------+-------+-----
Stealth        | 6 |  6.2
Fighting       | |  2.2
Short Blades   | |  2.2
Throwing       | |  2.2
Dodging        | |  1.0

Action                   || total
-------------------------++-------
Melee: Dagger            ||    43
       Constrict         ||    10
       Tentacles         ||     3
       Punch             ||     1
 Stab: Sleeping          ||     1
Armor: Skin              ||     5
Dodge: Dodged            ||    27
